 Dungeon Crawl Stone Soup version 0.29-a0-1065-g47a6bb87d6 (webtiles) character file.

Game seed: 9451526046260577918

109 spaghetti the Changer (level 5, -1/38 HPs)
             Began as a Meteoran Earth Elementalist on Aug 19, 2022.
             Was an Elder of Uskayaw.
             Killed by nerve-wracking pain
             ... invoked by an orc priest
              (13 damage)
             ... on level 3 of the Dungeon.
             The game lasted 00:03:23 (1454 turns).

spaghetti the Changer (Meteoran Earth Elementalist) Turns: 1454, Time: 00:03:23

Health: -1/38      AC:  2    Str:  8    XL:     5   Next: 36%
Magic:  5/11       EV: 12    Int: 22    God:    Uskayaw [****..]
Gold:   89         SH:  0    Dex: 16    Spells: 0/10 levels left

rFire   . . .      SeeInvis .   j - +7 dagger of the Lamprey {protect, rC++ Dex+2, short}
rCold   + + .      Faith    .   (no shield)
rNeg    . . .      Spirit   .   a - +0 robe
rPois   .          Reflect  .   (no helmet)
rElec   .          Harm     .   (no cloak)
rCorr   .          Rampage  .   (no gloves)
Will    .....                   (no boots)
Stlth   +.........              (no amulet)
HPRegen 0.12/turn               (no ring)
MPRegen 0.12/turn               (no ring)

@: glowing
A: sense surroundings 1, otherworldly, glowing, explore regen, talons 1, clever
1, subdued magic 1, devolution 1
a: Renounce Religion, Stomp, Line Pass


You were on level 3 of the Dungeon.
You worshipped Uskayaw.
Uskayaw was noncommittal.
You visited 1 branch of the dungeon, and saw 3 of its levels.

You collected 89 gold pieces.


Innate Abilities, Weirdness & Mutations

You passively map a small area around you.
You are easily found by Zot.
You glow in the dark.
You regain HP and MP as you explore.
You have sharp toenails.
Your mind is acute. (Int +4, Str/Dex -1)
Your spells are a little easier to cast, but a little less powerful.
You have hidden genetic defects.


   Skills:
 + Level 1.3 Short Blades
 - Level 2.4 Dodging
 - Level 1.4 Stealth
 + Level 3.3 Spellcasting
 + Level 4.0 Transmutations
 + Level 3.7 Earth Magic
 * Level 2.2 Invocations


You couldn't memorise any spells.
You knew the following spells:

 Your Spells              Type           Power      Damage    Failure   Level
a - Sandblast             Erth           30%        2d9       1%          1
b - Passwall              Tmut/Erth      12%        N/A       2%          2
c - Stone Arrow           Conj/Erth      18%        3d8       14%         3
d - Petrify               Tmut/Erth      15%        N/A       21%         4

Your spell library contained the following spells:

 Spells                   Type           Power      Damage    Failure   Level
 Slow                     Hex            8%         N/A       10%         1
 Confusing Touch          Hex            2%         N/A       30%         3
 Vampiric Draining        Necr           2%         2d6       30%         3

Inventory:

Hand Weapons
 d - a +0 dagger {short}
   (You took it off a kobold on level 1 of the Dungeon)
 e - a +0 flail {mace}
   (You took it off a gnoll on level 1 of the Dungeon)
 j - the +7 dagger of the Lamprey (weapon) {protect, rC++ Dex+2, short}
   (You found it on level 2 of the Dungeon)

   It grants its wielder temporary protection when it strikes (+7 to AC).
   Dex:       It affects your dexterity (+2).
   rC:        It greatly protects you from cold.
Missiles
 c - 28 stones {throwing}
 k - 6 poisoned darts {throwing}
Armour
 a - a +0 robe (worn)
Scrolls
 f - 2 scrolls of magic mapping {unknown}
 g - 2 scrolls of amnesia {unknown}
 h - 3 scrolls of silence {unknown}
 i - 2 scrolls of identify {unknown}
 l - a scroll of poison {unknown}
 o - a scroll of teleportation {unknown}
 p - a scroll of fear {unknown}
Potions
 b - a potion of magic
 n - 2 potions of curing {@q1}
 q - 2 potions of heal wounds {unknown}

Dungeon Overview and Level Annotations

Branches:
Dungeon (3/15) Zot: 317

Altars:
Uskayaw
Yredelemnul

#....#.## # **
#######.#.[.######## ,
,,...................# *
* *#######.##..######..
#.....### ### #####*
##.#.#...# *
#....###..#.#...#
#...o....##<#...# *
#...)@.####.#...#
#).)o†.# #.....#
..'......# ##....# ####
§..'......#####.######...
§.#...................##
* ≈ #.....######.########
#.....# #......#####
#...... #.†....##... , ,
,,* #.........##


You could see an orc priest and an orc (pain bonded).


Message History

Press: ? - help, Shift-Dir - straight line, f - endoplasm
Aim: an endoplasm (98% to hit)
The blast of sand hits the endoplasm.
Uskayaw will force your foes to helplessly watch your dance.
Uskayaw prepares the audience for your solo! 😕 MP[-1]
You lost 1 mp, and now have 8/11 mp.
Casting: Sandblast (safe; 3% risk of failure)
Confirm with . or Enter, or press ? or * to list all spells.
Aiming: Sandblast (safe; 3% risk of failure)
Press: ? - help, Shift-Dir - straight line, f/p - endoplasm
Aim: an endoplasm (severely wounded, paralysed, 100% to hit)
The blast of sand hits the endoplasm!
You kill the endoplasm!
The orc is no longer paralysed. x2; The orc priest is no longer paralysed.
The orc hits you but does no damage. 😕 MP[-1]
You lost 1 mp, and now have 7/11 mp.
Casting: Sandblast (safe; 3% risk of failure)
Confirm with . or Enter, or press ? or * to list all spells.
Aiming: Sandblast (safe; 3% risk of failure)
Press: ? - help, Shift-Dir - straight line, f - orc
Aim: an orc, wielding a +0 short sword, wearing a +0 leather armour and quivering boomerangs (82% to hit)
The blast of sand hits the orc but does no damage.
The orc hits you with a +0 short sword. 😕 HP[-4]
You take 4 damage, and now have 32/38 hp.
You barely miss the orc priest.
The orc priest mumbles some strange prayers to Beogh against you.
You struggle to resist.
The orc misses you.
You hit the orc priest but do no damage.
Your weapon exudes an aura of protection.
The orc priest hits you with a +0 club. The orc closely misses you. 😕 HP[-2]
You take 2 damage, and now have 30/38 hp.
You hit the orc priest. The orc closely misses you.
The orc priest closely misses you. The orc barely misses you. 😕 HP[+1]
You hit the orc priest. The orc hits you but does no damage.
The orc barely misses you.
The orc priest hits you with a +0 club. 😕 HP[-1]
You take 1 damage, and now have 30/38 hp.
Casting: Sandblast (safe; 3% risk of failure)
Confirm with . or Enter, or press ? or * to list all spells.
Aiming: Sandblast (safe; 3% risk of failure)
Press: ? - help, Shift-Dir - straight line, f/p - orc
Aim: an orc, wielding a +0 short sword, wearing a +0 leather armour and quivering boomerangs (82% to hit)
The blast of sand hits the orc.
The orc barely misses you.
The orc priest hits you but does no damage.
The orc hits you with a +0 short sword. x2; The orc completely misses you.
The orc priest calls upon Beogh to heal the orc.
The orc's wounds heal themselves! 😮 HP[-5] MP[-1]
You take 5 damage, and now have 25/38 hp.
You lost 1 mp, and now have 6/11 mp.
Casting: Sandblast (safe; 3% risk of failure)
Confirm with . or Enter, or press ? or * to list all spells.
Aiming: Sandblast (safe; 3% risk of failure)
Press: ? - help, Shift-Dir - straight line, f/p - orc
Aim: an orc, wielding a +0 short sword, wearing a +0 leather armour and quivering boomerangs (82% to hit)
The blast of sand hits the orc.
The orc barely misses you. x2
The orc priest mumbles some strange prayers to Beogh against you.
Pain shoots through your body!
* * * LOW HITPOINT WARNING * * *
😨 HP[-10] MP[-1]
You take 10 damage, and now have 15/38 hp.
MASSIVE DAMAGE!! (PAUSE)
You lost 1 mp, and now have 5/11 mp.
Casting: Sandblast (safe; 3% risk of failure)
Confirm with . or Enter, or press ? or * to list all spells.
Aiming: Sandblast (safe; 3% risk of failure)
Press: ? - help, Shift-Dir - straight line, f/p - orc
Aim: an orc, wielding a +0 short sword, wearing a +0 leather armour and quivering boomerangs (severely wounded, 82% to hit)
The blast of sand hits the orc!
You kill the orc!
The orc hits you with a +0 hand axe!
* * * LOW HITPOINT WARNING * * *
The orc priest hits you but does no damage. x2
The orc barely misses you.
Uskayaw will force your foes to share their pain.
Uskayaw links your audience in an emotional bond! 😱 HP[-7]
You take 7 damage, and now have 8/38 hp.
You barely miss the orc. The orc priest hits you with a +0 club.
* * * LOW HITPOINT WARNING * * *
The orc closely misses you. 😱 HP[-4]
You take 4 damage, and now have 4/38 hp.
It was a potion of mutation.
You feel extremely strange.
You feel clever.
You feel a hidden malignance growing inside you.
Your connection to magic feels subdued.
Your toenails lengthen and sharpen.
The orc priest barely misses you.
The orc closely misses you. 😱 HP[+1] It was a potion of curing.
You feel better.
The orc priest is no longer sharing its pain.
The orc barely misses you.
The orc priest calls down the wrath of Beogh upon you.
Pain shoots through your body!
You die...

Skill      XL: |  1  2  3  4  5 |
---------------+----------------+-----
Transmutations | 2 3 4 |  4.0
Spellcasting   | 3 |  3.3
Invocations    | 1 2 |  2.2
Short Blades   | 1 |  1.3
Dodging        | |  2.4
Stealth        | |  1.4
Earth Magic    | |  3.7

Action                   |  1- 3 |  4- 6 || total
-------------------------+-------+-------++-------
Melee: Unarmed           |     2 |       ||     2
       Dagger            |     1 |    19 ||    20
 Cast: Sandblast         |    23 |    36 ||    59
Invok: Line Pass         |       |     1 ||     1
  Use: Potion            |       |     2 ||     2
Armor: Robe              |     1 |     9 ||    10
Dodge: Dodged            |     4 |    33 ||    37

Levels and vault maps discovered:
D:1:      mrwooster_arrival_statue_3, layout_basic,
          ebering_ecumenical_altar_petrified
D:2:      layout_basic, uniq_crazy_yiuf_cottage
D:3:      layout_rooms, lemuel_crystal_altar, kennysheep_generic_room_5

Notes
Turn   | Place    | Note
-------+----------+-------------------------------------------
     0 | D:1      | spaghetti the Meteoran Earth Elementalist began the quest
                  | for the Orb.
     0 | D:1      | Reached XP level 1. HP: 14/14 MP: 5/5
     0 | D:1      | magus.rc [v1.9.6]
   136 | D:1      | Reached skill level 2 in Transmutations
   137 | D:1      | Reached XP level 2. HP: 20/20 MP: 3/6
   299 | D:1      | Reached skill level 3 in Transmutations
   299 | D:1      | Reached XP level 3. HP: 12/26 MP: 5/8
   384 | D:1      | Found a faded altar of an unknown god.
   396 | D:1      | Prayed at the altar of an unknown god.
   396 | D:1      | Became a worshipper of Uskayaw the Reveller
   396 | D:1      | Reached * piety under Uskayaw
   550 | D:2      | Identified the +7 dagger of the Lamprey {protect, rC++
                  | Dex+2}
   592 | D:2      | Reached ** piety under Uskayaw
   593 | D:2      | Reached skill level 3 in Spellcasting
   757 | D:2      | Reached XP level 4. HP: 33/33 MP: 4/9
   819 | D:2      | Reached skill level 1 in Invocations
   844 | D:2      | Learned a level 2 spell: Passwall
   848 | D:2      | Learned a level 3 spell: Stone Arrow
   916 | D:2      | HP: 7/33 [gnoll/+0 flail (12)]
   917 | D:2      | HP: 2/33 [gnoll/+0 flail (5)]
   925 | D:2      | Reached skill level 1 in Short Blades
   925 | D:2      | Reached XP level 5. HP: 9/38 MP: 2/10
  1079 | D:2      | Glimpsed the power of Zot.
  1112 | D:2      | Reached skill level 2 in Invocations
  1128 | D:2      | Glimpsed the power of Zot.
  1287 | D:3      | You pick up a book of Debilitation and begin reading...
  1287 | D:3      | You add the spells Slow, Vampiric Draining and Confusing
                  | Touch to your library.
  1341 | D:3      | Learned a level 4 spell: Petrify
  1370 | D:3      | Found a basalt altar of Yredelemnul.
  1438 | D:3      | Reached skill level 4 in Transmutations
  1442 | D:3      | Reached *** piety under Uskayaw
  1451 | D:3      | HP: 8/38 [orc/+0 hand axe (7)]
  1451 | D:3      | Reached **** piety under Uskayaw
  1453 | D:3      | Gained mutation: Your mind is acute. (Int +4, Str/Dex -1)
                  | [potion of mutation]
  1453 | D:3      | Gained mutation: You have hidden genetic defects. [potion
                  | of mutation]
  1453 | D:3      | Gained mutation: Your spells are a little easier to cast,
                  | but a little less powerful. [potion of mutation]
  1453 | D:3      | Gained mutation: You have sharp toenails. [potion of
                  | mutation]
  1454 | D:3      | Killed from afar by an orc priest

Vanquished Creatures
  4 gnolls
  2 adders (D:2)
  A worm (D:2)
  3 orcs (D:3)
  2 bats
  7 endoplasms
  A giant cockroach (D:3)
  3 goblins (D:3)
  3 hobgoblins
  2 jackals (D:1)
  2 quokkas (D:1)
  4 ball pythons
  4 frilled lizards
  2 kobolds
  4 rats (D:2)
44 creatures vanquished.

Table legend:
 A = Non-vault XP
 B = Vault XP
 C = Vault XP percentage of total XP
 D = Non-vault monster count
 E = Vault monster count
 F = Vault count percentage of total count
                 A         B        C        D         E       F
            +---------+---------+-------+---------+---------+-------
      Total |     154 |       2 |   1.3 |      43 |       1 |   2.3
            +---------+---------+-------+---------+---------+-------
        D:1 |      31 |       0 |   0.0 |      11 |       0 |   0.0
        D:2 |      98 |       0 |   0.0 |      21 |       0 |   0.0
        D:3 |      25 |       2 |   7.4 |      11 |       1 |   8.3
            +---------+---------+-------+---------+---------+-------

Illustrated notes

Table legend:
 A = Kills in this place as a percentage of kills in entire the game.
 B = Kills by you in this place as a percentage of kills by you in the entire game.
 C = Kills by friends in this place as a percentage of kills by friends in the entire game.
 D = Other kills in this place as a percentage of other kills in the entire game.
 E = Experience gained in this place as a percentage of experience gained in the entire game.
 F = Experience gained in this place divided by the number of levels of this place that you have seen.
                   A       B       C       D       E      F
               +-------+-------+-------+-------+-------+----------------------
         Total | 100.0 | 100.0 |   N/A |   N/A | 100.0 |  52.0
       Dungeon | 100.0 | 100.0 |   N/A |   N/A | 100.0 |  52.0
               +-------+-------+-------+-------+-------+----------------------

Table legend: (Time is in decaauts)
 A = Elapsed time spent in this place.
 B = Non-inter-level travel time spent in this place.
 C = Inter-level travel time spent in this place.
 D = Time resting spent in this place.
 E = Time spent auto-exploring this place.
 F = Levels seen in this place.
 G = Mean time per level.
                   A        B        C        D        E       F      G
               +--------+--------+--------+--------+--------+-----+--------+
         Total |   1481 |   1427 |     54 |     76 |   1119 |   3 |  493.7 |
       Dungeon |   1481 |   1427 |     54 |     76 |   1119 |   3 |  493.7 |
               +--------+--------+--------+--------+--------+-----+--------+

Top non-repeatable levels by time:
     D:2: 635 daAuts
     D:1: 547 daAuts
     D:3: 298 daAuts
